Cogmind - Beta 11.1 @@@ ROGUE MODE // 2022.07.03 @ 13:33:46 Player: tionichm Result: Destroyed by X-67 Chaingunner with Minigun Performance ------------- Evolutions (3) 1500 Regions Visited (7) 1400 Robots Destroyed (58) 290 Value Destroyed (1268) 1268 Prototype IDs (2) 40 Alien Tech Used (0) 0 Bonus (500) 500 TOTAL SCORE: 4998 Bonus ------- Entered DSFs 500 Cogmind --------- Core Integrity 0/700 Matter 62/300 Energy 46/100 System Corruption 0% Temperature Cool (0) Movement Core (450) Ox8 Location -7/DSF Parts ------- > --- POWER (1) -------- (None) > --- PROPULSION (5) --- (None) > --- UTILITY (4) ------ Large Storage Unit > --- WEAPON (3) ------- EM Pulse Cannon > --- INVENTORY (15) --- Small Matter Pod Improved Utility Shielding Light Armor Plating Decoy Drone Bay Shotgun High-powered Shotgun Peak State ------------ > --- POWER ------------ Light Nuclear Core > --- PROPULSION ------- Improved Titanium Leg Improved Titanium Leg Improved Titanium Leg Improved Titanium Leg > --- UTILITY ---------- Large Storage Unit Terrain Scanner Terrain Scan Processor > --- WEAPON ----------- High-powered Shotgun Flak Cannon > --- INVENTORY -------- Light Ion Engine Heat Sink Small Matter Pod Improved Utility Shielding Light Armor Plating Decoy Drone Bay EM Pulse Cannon EM Pulse Cannon Shotgun High-powered Shotgun Heavy Rocket Launcher Heavy Rocket Launcher [Rating: 33] Favorites ----------- Power Heavy Ion Engine Engine Heavy Ion Engine Power Core Light Nuclear Core Propulsion Light Treads Treads Light Treads Leg Improved Titanium Leg Wheel Wheel Utility Terrain Scanner Device Terrain Scanner Storage Huge Storage Unit Processor Terrain Scan Processor Weapon Assault Rifle Energy Gun Improved EM Shotgun Energy Cannon EM Pulse Cannon Ballistic Gun Assault Rifle Ballistic Cannon Battle Cannon Launcher Heavy Rocket Launcher Special Weapon Remote Datajack Build | -11 -10 -10 -9 -9 -8 -7 -7 ------- Run | Scr Mat Min Mat Min Mat Fac DSF Slots Evolved 6 | . . . 2 . 2 2 . Power . | . . . . . . . . Propulsion 3 | . . . 2 . 1 . . Utility 2 | . . . . . 1 1 . Weapon 1 | . . . . . . 1 . Parts Attached 48 | 6 3 1 7 4 22 . 5 Power 6 | 1 . . 2 . 2 . 1 Engine 4 | 1 . . 1 . 1 . 1 Core 2 | . . . 1 . 1 . . Reactor . | . . . . . . . . Propulsion 19 | 2 1 . 3 2 10 . 1 Treads 6 | 2 1 . 3 . . . . Leg 11 | . . . . . 10 . 1 Wheel 2 | . . . . 2 . . . Hover . | . . . . . . . . Flight . | . . . . . . . . Utility 8 | 1 2 . . 1 3 . 1 Device 4 | . 1 . . 1 1 . 1 Storage 3 | 1 1 . . . 1 . . Processor 1 | . . . . . 1 . . Hackware . | . . . . . . . . Protection . | . . . . . . . . Artifact . | . . . . . . . . Weapon 15 | 2 . 1 2 1 7 . 2 Energy Gun 4 | . . . 1 1 2 . . Energy Cannon 2 | . . . . . 1 . 1 Ballistic Gun 4 | 2 . . 1 . 1 . . Ballistic Cannon 2 | . . 1 . . 1 . . Launcher 2 | . . . . . 2 . . Special Weapon 1 | . . . . . . . 1 Impact Weapon . | . . . . . . . . Slashing Weapon . | . . . . . . . . Piercing Weapon . | . . . . . . . . Special Melee Weapon . | . . . . . . . . Unidentified Prototypes 2 | . . . 1 1 . . . Corrupted Parts 3 | . . . . . 3 . . System Corruption 14 | . . . . . 14 . . Parts Lost 34 | . . . 4 3 16 . 11 Power 4 | . . . 1 . 1 . 2 Propulsion 14 | . . . 1 2 7 . 4 Utility 4 | . . . . . 2 . 2 Weapon 12 | . . . 2 1 6 . 3 Highest Loss Streak 11 | . . . 2 3 6 . 11 To Critical Strikes . | . . . . . . . . Average Slot Usage (%) 88 | . 97 100 89 88 81 . 34 Engine 9 | . 14 14 9 11 3 . 1 Core 1 | . . . 1 . 3 . 1 Treads 21 | . 27 28 34 25 7 . . Leg 5 | . . . . . 18 . 11 Wheel 3 | . . . . 7 6 . . Device 9 | . 11 14 11 11 6 . 1 Storage 11 | . 14 14 11 11 9 . 7 Processor 2 | . . . . . 9 . 4 Energy Gun 4 | . . . 2 11 6 . . Ballistic Gun 14 | . 28 26 10 11 5 . 2 Ballistic Cannon 2 | . . 1 8 . 3 . . Naked Turns . | . . . . . . . . Heaviest Build 94 | 14 90 91 94 94 94 34 34 Greatest Support 80 | 40 40 40 80 80 80 80 80 Greatest Overweight (x) 8 | . 2 2 2 2 3 . 8 Average Overweight (x) . | . . 2 1 1 . . . Largest Inventory Capacity 25 | 8 25 25 25 25 25 15 15 Average Capacity 19 | 7 10 25 25 25 17 15 15 Most Carried 20 | 4 7 8 14 18 20 10 12 Average Carried 10 | 2 5 7 10 14 14 10 9 Final Capacity 25 | 8 25 25 25 25 15 15 15 Final Carried 16 | 4 7 8 14 16 10 10 7 Class Distribution -------------------- 77% | Mutant 22% | Scavenger-Mutant Dominant Class ---------------- Mutant | -10/Materials Mutant | -10/Mines Mutant | -9/Materials Mutant | -9/Mines Scavenger-Mutant | -8/Materials Mutant | -7/Factory Mutant | -7/DSF Resources | -11 -10 -10 -9 -9 -8 -7 -7 ----------- Run | Scr Mat Min Mat Min Mat Fac DSF Matter Collected 1335 | 214 141 122 184 109 561 . 4 Remotely . | . . . . . . . . Salvage Created 1773 | . 162 201 246 122 1042 . . Parts 119 | . 8 7 23 6 75 . . Haulers Intercepted 1 | . . . . . 1 . . Recyclers Shooed 8 | . 1 1 . . 6 . . Parts Field Recycled . | . . . . . . . . Retrieved Matter . | . . . . . . . . Parts Self-Destructed . | . . . . . . . . Prevented . | . . . . . . . . Kills | -11 -10 -10 -9 -9 -8 -7 -7 ------- Run | Scr Mat Min Mat Min Mat Fac DSF Combat Hostiles Destroyed 44 | . 4 4 9 9 18 . . Guns 28 | . 4 4 4 8 8 . . Cannons 14 | . . . 5 . 9 . . AOE 1 | . . . . . 1 . . Classes Destroyed 15 | . 2 2 1 2 8 . . Worker 3 | . . . . . 3 . . Builder 4 | . 1 . . . 3 . . Tunneler 1 | . . . . . 1 . . Hauler 1 | . . . . . 1 . . Recycler 7 | . . 2 . . 5 . . Mechanic 1 | . . . . . 1 . . Operator 1 | . . . . . 1 . . Watcher 1 | . . . . . 1 . . Swarmer 18 | . . 4 4 3 7 . . Grunt 13 | . 4 . 3 . 6 . . Sentry 5 | . . . 2 . 3 . . Demolisher 1 | . . . . 1 . . . Hunter 1 | . . . . . 1 . . Heavy 1 | . . . . . 1 . . Assembled 5 | . . . . 5 . . . Best Kill Streak 7 | . 3 4 7 6 6 . . Combat Bots Only 7 | . 2 3 7 6 4 . . Max Kills in Single Turn 2 | . 1 1 1 1 2 . . Gunslinging . | . . . . . . . . Exploded 1 | . . . . . 1 . . Melee . | . . . . . . . . Uniques/NPCs Destroyed . | . . . . . . . . Combat | -11 -10 -10 -9 -9 -8 -7 -7 -------- Run | Scr Mat Min Mat Min Mat Fac DSF Damage Taken 4696 | . 160 224 644 389 1879 . 1400 Core 1201 | . . 50 51 79 309 . 712 Absorbed by Shields . | . . . . . . . . Regen/Repaired (Parts) 36 | . 36 . . . . . . Core Remaining (%) 72 | 100 . 80 . 67 43 . . Volleys Fired 177 | . 14 18 19 26 98 . 2 Largest 2 | . 2 2 2 2 2 . 1 Hottest 88 | . 40 59 60 65 88 . 63 Shots Fired 307 | . 28 36 37 35 169 . 2 Gun 220 | . 28 34 22 35 101 . . Cannon 72 | . . 2 15 . 54 . 1 Launcher 14 | . . . . . 14 . . Special 1 | . . . . . . . 1 Kinetic 223 | . 28 36 33 26 100 . . Thermal 45 | . . . 4 4 37 . . Explosive 14 | . . . . . 14 . . Electromagnetic 24 | . . . . 5 18 . 1 Robot Hit Streak 18 | . 5 11 7 6 18 . 3 Robot Miss Streak 9 | . 2 5 2 3 9 . . Penetration Max . | . . . . . . . . Secondary Targets 2 | . . 2 . . . . . Max Gunslinging Chain 1 | . . 1 . . . . . Shots Hit Robots 205 | . 18 21 25 21 118 . 2 Core Hits 134 | . 11 7 13 15 87 . 1 Critical Kills 1 | . 1 . . . . . . Critical Parts Destroyed . | . . . . . . . . Critical Strikes 1 | . 1 . . . . . . Destroy 1 | . 1 . . . . . . Melee Attacks . | . . . . . . . . Impact . | . . . . . . . . Slashing . | . . . . . . . . Piercing . | . . . . . . . . Sneak Attacks . | . . . . . . . . Combat Hostiles . | . . . . . . . . Follow-up Attacks . | . . . . . . . . Damage Inflicted 3371 | 4 223 275 421 292 2122 . 34 Guns 1913 | . 216 255 183 285 974 . . Cannons 988 | . . 15 234 . 719 . 20 Explosions 424 | . . . . . 424 . . Melee . | . . . . . . . . Ramming 46 | 4 7 5 4 7 5 . 14 Kinetic 2270 | . 216 270 395 183 1206 . . Thermal 340 | . . . 22 23 295 . . Explosive 344 | . . . . . 344 . . Electromagnetic 371 | . . . . 79 272 . 20 Impact . | . . . . . . . . Slashing . | . . . . . . . . Piercing . | . . . . . . . . Highest Corruption 15 | . . . . . 15 . . Average Corruption 13 | . . . . . 13 . . Corruption Purged . | . . . . . . . . Corruption Blocked . | . . . . . . . . Effects 31 | . . . . . 31 . . Message Errors 7 | . . . . . 7 . . Matter Fused 6 | . . . . . 6 . . Heat Flow Errors 1 | . . . . . 1 . . Energy Discharges 2 | . . . . . 2 . . Data Loss (minor) 3 | . . . . . 3 . . Data Loss (major) 3 | . . . . . 3 . . Misfires 3 | . . . . . 3 . . Alerts 1 | . . . . . 1 . . Weapon Failures 5 | . . . . . 5 . . Overload Shots . | . . . . . . . . Overflow Damage 49 | . . . . . 49 . . Projectiles . | . . . . . . . . Explosions 49 | . . . . . 49 . . Melee . | . . . . . . . . Knockbacks 24 | . 1 . 1 . 22 . . Impact 1 | . 1 . . . . . . Kinetic 22 | . . . 1 . 21 . . Secondary 1 | . . . . . 1 . . Self-Inflicted Damage 135 | . . . . . 135 . . Shots 3 | . . . . . 3 . . Rammed 25 | 1 7 1 1 2 1 . 12 Targets Rammed 33 | 1 7 1 1 2 3 . 18 Kicked 8 | . . . . . 2 . 6 Crushed . | . . . . . . . . Highest Temperature 123 | . 2 . 35 . 123 . . Average Temperature 15 | . 2 . 13 . 16 . . Received Heat Transfer 741 | . 90 . 246 . 405 . . Siege Activations . | . . . . . . . . Robots Corrupted . | . . . . . . . . Combat Hostiles . | . . . . . . . . Parts Fried . | . . . . . . . . Impact Corruptions . | . . . . . . . . Robots Melted . | . . . . . . . . Combat Hostiles . | . . . . . . . . Parts Melted . | . . . . . . . . Heat Transferred 725 | . . . 50 50 625 . . Parts Sabotaged . | . . . . . . . . Parts Stolen . | . . . . . . . . Parts Stripped . | . . . . . . . . Power Chain Reactions 2 | . . . . . 2 . . Missiles Intercepted . | . . . . . . . . Alert | -11 -10 -10 -9 -9 -8 -7 -7 ------- Run | Scr Mat Min Mat Min Mat Fac DSF Peak Influence 321 | . 111 168 159 95 321 145 101 Initial 145 | . . 43 1 25 . 145 101 Average 75 | . 46 122 65 32 123 145 50 Maximum Alert Level 1 | . . . . . 1 . . Low Security (%) 90 | 100 100 100 100 100 63 100 100 Level 1 9 | . . . . . 36 . . Level 2 . | . . . . . . . . Level 3 . | . . . . . . . . Level 4 . | . . . . . . . . Level 5 . | . . . . . . . . High Security . | . . . . . . . . Max Security . | . . . . . . . . Squads Dispatched 5 | . 1 . . . 4 . . Investigation . | . . . . . . . . Extermination . | . . . . . . . . Reinforcement 5 | . 1 . . . 4 . . Assault . | . . . . . . . . Garrison . | . . . . . . . . Intercept . | . . . . . . . . Searches Triggered . | . . . . . . . . Construction Impeded 1 | . . . . . 1 . . Haulers Reinforced . | . . . . . . . . Active Scanning Responses . | . . . . . . . . Cargo Convoy Interrupts . | . . . . . . . . Stealth | -11 -10 -10 -9 -9 -8 -7 -7 --------- Run | Scr Mat Min Mat Min Mat Fac DSF Distress Signals 4 | . . 1 1 . 2 . . Communications Jammed . | . . . . . . . . Distress Signals . | . . . . . . . . Times Spotted 79 | . 12 6 11 19 29 . 2 Peak Tracking Total 6 | . 4 3 6 6 5 . 2 Tactical Retreats 2 | . . 1 . . . . 1 Traps | -11 -10 -10 -9 -9 -8 -7 -7 ------- Run | Scr Mat Min Mat Min Mat Fac DSF Traps Triggered . | . . . . . . . . Indirectly . | . . . . . . . . Trap Hack Attempts . | . . . . . . . . Triggered . | . . . . . . . . Disarmed . | . . . . . . . . Reprogrammed . | . . . . . . . . Reused . | . . . . . . . . Traps Extracted . | . . . . . . . . Installed . | . . . . . . . . Triggered . | . . . . . . . . Machines | -11 -10 -10 -9 -9 -8 -7 -7 ---------- Run | Scr Mat Min Mat Min Mat Fac DSF Machines Disabled 2 | . . . . . 2 . . Max in Single Turn 1 | . . . . . 1 . . Machines Sabotaged . | . . . . . . . . Garrisons Compromised . | . . . . . . . . Overloaded Fab Kills . | . . . . . . . . Hacking | -11 -10 -10 -9 -9 -8 -7 -7 --------- Run | Scr Mat Min Mat Min Mat Fac DSF Machines Accessed 7 | . 2 . 2 1 1 1 . Terminals 5 | . 1 . 2 . 1 1 . Fabricators . | . . . . . . . . Repair Stations 1 | . 1 . . . . . . Recycling Units . | . . . . . . . . Scanalyzers . | . . . . . . . . Garrison Access . | . . . . . . . . Total Hacks 18 | . 6 . 8 1 2 1 . Successful 12 | . 4 . 5 1 1 1 . Failed 6 | . 2 . 3 . 1 . . Catastrophic . | . . . . . . . . Database Lockouts . | . . . . . . . . Manual . | . . . . . . . . Terminals 14 | . 3 . 8 . 2 1 . Fabricators . | . . . . . . . . Repair Stations 3 | . 3 . . . . . . Recycling Units . | . . . . . . . . Scanalyzers . | . . . . . . . . Garrison Access . | . . . . . . . . Terminal Hacks 10 | . 2 . 5 1 1 1 . Open Door 1 | . . . . 1 . . . Open DSF 1 | . . . . . . 1 . Branch Access Points 1 | . . . 1 . . . . Emergency Access Points 3 | . 1 . 2 . . . . Terminal Index 1 | . . . 1 . . . . Locate Traps 1 | . 1 . . . . . . Dispatch Records 1 | . . . 1 . . . . Zone Layout 1 | . . . . . 1 . . Fabricator Hacks . | . . . . . . . . Repair Station Hacks 2 | . 2 . . . . . . Scan Component 1 | . 1 . . . . . . Repair 1 | . 1 . . . . . . Recycling Unit Hacks . | . . . . . . . . Scanalyzer . | . . . . . . . . Garrison Access Hacks . | . . . . . . . . Unauthorized Hacks . | . . . . . . . . Terminals . | . . . . . . . . Fabricators . | . . . . . . . . Repair Stations . | . . . . . . . . Recycling Units . | . . . . . . . . Scanalyzers . | . . . . . . . . Garrison Access . | . . . . . . . . Data Cores Recovered . | . . . . . . . . Used . | . . . . . . . . Hacking Detections 2 | . . . 2 . . . . Full Trace Events . | . . . . . . . . Feedback Events . | . . . . . . . . Feedback Blocked . | . . . . . . . . Robot Schematics Acquired . | . . . . . . . . Robots Built . | . . . . . . . . Authchips . | . . . . . . . . Time . | . . . . . . . . Total Robot Build Rating . | . . . . . . . . Part Schematics Acquired . | . . . . . . . . Parts Built . | . . . . . . . . Authchips . | . . . . . . . . Time . | . . . . . . . . Total Part Build Rating . | . . . . . . . . Parts Repaired 1 | . 1 . . . . . . Time 26 | . 26 . . . . . . Parts Recycled . | . . . . . . . . Recycled Matter . | . . . . . . . . Retrieved Matter . | . . . . . . . . Retrieved Components . | . . . . . . . . Parts Scanalyzed . | . . . . . . . . Part Schematics Acquired . | . . . . . . . . Parts Damaged . | . . . . . . . . Bothacking | -11 -10 -10 -9 -9 -8 -7 -7 ------------ Run | Scr Mat Min Mat Min Mat Fac DSF Used RIF Installer . | . . . . . . . . Robots Hacked . | . . . . . . . . Non-combat . | . . . . . . . . Combat . | . . . . . . . . Robot Hacks Applied . | . . . . . . . . Relay Couplers Released . | . . . . . . . . Fabnet Peak Effective % . | . . . . . . . . Robots Rewired . | . . . . . . . . Allies Hacked . | . . . . . . . . Hacks Repelled . | . . . . . . . . Allies | -11 -10 -10 -9 -9 -8 -7 -7 -------- Run | Scr Mat Min Mat Min Mat Fac DSF Total Allies . | . . . . . . . . Largest Group . | . . . . . . . . Highest-Rated Group . | . . . . . . . . Highest-Rated Ally . | . . . . . . . . Total Orders . | . . . . . . . . Ally Attacks . | . . . . . . . . Total Damage . | . . . . . . . . Kills . | . . . . . . . . Allies Corrupted . | . . . . . . . . Allies Melted . | . . . . . . . . Intel | -11 -10 -10 -9 -9 -8 -7 -7 ------- Run | Scr Mat Min Mat Min Mat Fac DSF Robot Analysis Total . | . . . . . . . . Derelict Logs Recovered 4 | . . 3 . 1 . . . Drone Launches . | . . . . . . . . Drone Recoveries . | . . . . . . . . Exploration | -11 -10 -10 -9 -9 -8 -7 -7 ------------- Run | Scr Mat Min Mat Min Mat Fac DSF Turns Passed 4055 | 96 773 467 621 855 1108 7 128 Spaces Moved 1372 | 55 243 128 226 257 414 6 43 Core 9 | 8 . . . . . . 1 Treads 1050 | 47 243 128 226 257 149 . . Legs 313 | . . . . . 265 6 42 Wheels . | . . . . . . . . Hover . | . . . . . . . . Flight . | . . . . . . . . Fastest Speed 50 | 50 160 320 240 240 126 130 130 Average Speed 225 | 144 186 320 241 303 184 130 137 Slowest Speed 450 | 160 320 320 320 320 330 130 450 Overloaded Moves . | . . . . . . . . Propulsion Burnouts . | . . . . . . . . Robots Hopped . | . . . . . . . . Cave-ins Triggered . | . . . . . . . . Exploration Rate (%) 34 | 4 38 29 23 76 34 . 34 Regions Visited 7 Branch Regions 2 Pre-discovered Areas 1 | . . 1 . . . . . Known Exits Taken 2 | . . . 1 . . 1 . Unknown Exits Taken 5 | 1 1 1 . 1 1 . . Scrap Searched 5 | . . 2 . 3 . . . Spaces Dug . | . . . . . . . . Terrain Destroyed 145 | . . . 1 . 144 . . Melee . | . . . . . . . . Projectile 1 | . . . 1 . . . . AOE 144 | . . . . . 144 . . Terrain Rammed . | . . . . . . . . Walls Destroyed . | . . . . . . . . Machines Disabled . | . . . . . . . . Actions | -11 -10 -10 -9 -9 -8 -7 -7 --------- Run | Scr Mat Min Mat Min Mat Fac DSF Total 1980 | 71 533 148 264 295 589 5 75 Wait 270 | . 252 . . 3 15 . . Move 1365 | 54 242 127 225 256 413 5 43 Hop . | . . . . . . . . Pick Up 67 | 10 10 1 12 4 28 . 2 Fast Attach . | . . . . . . . . Attach 43 | 6 2 . 6 3 21 . 5 Detach 1 | . . . . . 1 . . Swap 5 | . 1 1 1 1 1 . . Drop 14 | . 5 . . . 9 . . Fire 177 | . 14 18 19 26 98 . 2 Melee . | . . . . . . . . Ram 12 | . . . . . . . 12 Kick 8 | . . . . . 2 . 6 Crush 13 | 1 7 1 1 2 1 . . Escape Stasis . | . . . . . . . . Rewire 5 | . . . . . . . 5 Trap . | . . . . . . . . Miscellaneous . | . . . . . . . . Route ------- -11/Scrapyard -10/Materials -10/Mines -9/Materials (discovered 3 exits: *Mat / *Min x2) -9/Mines (discovered 2 exits: *Mat / Exi) -8/Materials -7/Factory -7/DSF History --------- Turn | Location | Event 7 | -11/Scrapyard | Discovered new exit (range 15) 97 | -11/Scrapyard | Entered Materials 307 | -10/Materials | Build established: Mutant 691 | -10/Materials | Repaired Lgt. Treads 799 | -10/Materials | Discovered new exit (range 13) 870 | -10/Materials | Entered Mines 1079 | -10/Mines | Learned location of Zion (-7) 1120 | -10/Mines | Learned Materials trap positions 1124 | -10/Mines | Learned Materials trap positions 1187 | -10/Mines | Discovered new exit (range 5) 1274 | -10/Mines | A weapon hastily lodged in a ceiling crevice suddenly fell to the ground 1337 | -10/Mines | Entered Materials 1337 | -9/Materials | Evolved 2 slots: Propulsion x2 1338 | -9/Materials | Loaded intel: 18 trap records 1580 | -9/Materials | Destroyed 7 combat bots 1712 | -9/Materials | Discovered new exit (range 13) 1765 | -9/Materials | Identified exit to Mines 1958 | -9/Materials | Entered Mines 1958 | -9/Mines | Discovered new exit (range 11) 1959 | -9/Mines | Assembled infested the area 1964 | -9/Mines | Assisted by a Guerilla fighting off Assembled 1966 | -9/Mines | Met a Derelict bent on vengeance 1981 | -9/Mines | Identified exit to Exiles 2150 | -9/Mines | Lost 3 parts (2n1w) 2347 | -9/Mines | Found the Drone Emporium 2365 | -9/Mines | Found Prototype Device 2810 | -9/Mines | Build established: Scavenger-Mutant 2813 | -9/Mines | Entered Materials 2813 | -8/Materials | Evolved 2 slots: Propulsion x1, Utility x1 2814 | -8/Materials | Loaded intel: 12 trap records 3267 | -8/Materials | Lost 6 parts (1p3n1u1w) 3271 | -8/Materials | System corruption reached 10% 3816 | -8/Materials | Discovered new exit (range 16) 3880 | -8/Materials | Core integrity fell below 50% 3905 | -8/Materials | Lost 4 parts (1u3w) 3921 | -8/Materials | Entered Factory 3921 | -7/Factory | Evolved 2 slots: Utility x1, Weapon x1 3924 | -7/Factory | Identified exit to DSF 3928 | -7/Factory | Entered DSF 3964 | -7/DSF | Additional patrols routed to DSF 4026 | -7/DSF | Build established: Mutant 4028 | -7/DSF | Core integrity fell below 50% 4045 | -7/DSF | Core integrity fell below 20% 4056 | -7/DSF | Destroyed by X-67 Chaingunner with Minigun Last Messages --------------- 03991_ Jacked X-67 Chaingunner... 03991_ Command string: sudo kill 03991_ No effect. 03993_ Kicked X-67 Chaingunner. 03993_ Imp. Titanium Leg destroyed. 03995_ Slammed into X-67 Chaingunner. 03995_ Destabilizing: Core damaged (-35). 03999_ Slammed into X-67 Chaingunner. 04000_ Terrain Scan Processor destroyed. 04004_ Remote Datajack destroyed. 04006_ Kicked X-67 Chaingunner. 04014_ Kicked X-67 Chaingunner out of the way. 04014_ Imp. Titanium Leg destroyed. 04016_ Slammed into X-67 Chaingunner. 04016_ Destabilizing: Core damaged (-35). 04020_ Slammed into X-67 Chaingunner. 04023_ Heat Sink destroyed. 04024_ Slammed into X-67 Chaingunner. 04030_ Lgt. Ion Engine destroyed. 04032_ Slammed into X-67 Chaingunner. Map ----- +----------------------------------------------------+ | | | | | | | | | | | | | | | | | | | | | | | | | | | ??????????????????????????????????? | | ??????????????????????????????????? | | ??????????????????????????????????? | | ?????????##???????????????????????? | | ?????????""#??????????????????????? | | ?????????#"#??????????????????????? | | ??????####"##?????????????????????? | | ??????#"""""#?###??##?????????????? | | ??????#"""""##//#///# !???????? | | ???#"##"" ???????? | | ???#""""" ???????? | | ????###"" x ##//#///### #???????? | | ??????### @##??/#???#?????????????? | | ???????## ###??#?????????????????? | | ???????# //#????????????????????? | | ???????# //#????????????????????? | | ???????## ###????????????????????? | | ???????#/ //#????????????????????? | | ???????#/ //#????????????????????? | | ???????#/ //#????????????????????? | | ??????### ######??##?????????????? | | ?????##!! ## #?!!#?????????????? | | ?????#"!! "" #!!!## ????????? | | ?????## ????????? | | ?????#% H ????????? | | ????? " ????????? | | ????###||% "" #***## ????????? | | ?????#"| ## #?**#?????????????? | | ?????#######?####??##?????????????? | | ??????????????????????????????????? | | ??????????????????????????????????? | | ??????????????????????????????????? | | ??????????????????????????????????? | | ??????????????????????????????????? | | ??????????????????????????????????? | | ??????????????????????????????????? | | ??????????????????????????????????? | +----------------------------------------------------+ Best States ------------- Heat Dissipation 44 Energy Generation 14 Energy Capacity 280 Matter Stores 300 Matter Capacity 300 Sight Range 16 Terrain Scan Range 16 Terrain Scan Density 85 Evasion (%) 55 Recoil Reduction 4 Item Schematics ----------------- None Robot Schematics ------------------ None Fabricated ------------ Nothing Alien Tech Used ----------------- None Achievements -------------- None Challenges ------------ None Game ------ Seed BottomlessSuspensionThruster Manual? 0 Play Time 00:30:16 Cumulative 15.5 hours Start 2022.07.03 @ 13:05:20 End 2022.07.03 @ 13:33:46 Sessions 1 Manual Loads 0 Difficulty Rogue Special Mode None Game No. 37 Rogue 37 Adventurer 0 Explorer 0 Win Type - Total 0 Types 0/0/0/0/0/0/0/0/0 Lore% 8 Gallery% 18 Achievement% 16 Wizard Run 0 Options --------- ASCII 0 Keyboard 1 Movement Numpad Keybinds 0 Fullscreen 2 Font 24/Smallcaps Map View 76x50 Tactical HUD 1 Map Filters NONE Filters NONE Steam 1 RUN: 7066cbec-0a1a-45a2-a0a8-368803ea6dfd